[Event "*** Monthly 3|2 Blitz Masters"]
[Site "Chess.com"]
[Date "2014.10.28"]
[Round "6"]
[White "Trendle"]
[Black "GedoGluperd"]
[Result "1-0"]
[WhiteElo "2211"]
[BlackElo "2268"]
[TimeControl "180+2"]
[EndTime "13:04:08 PDT"]
[Termination "Trendle won on time"]

1. e4 g6 2. d4 Bg7 3. Nc3 d6 4.
Be3 a6 5. Qd2 b5 6. h4 h5 7. Nf3 Nf6 8. Ng5 Ng4 9. Bf4 Nc6 10.
d5 Nce5 11. f3 Nf6 12. a4 Bd7 13. axb5 axb5 14. Rxa8 Qxa8 15. Bxb5 Qa1+ 16. Qc1 Qa7 17. Be3 Qa5 18. Be2 O-O 19. O-O Rb8 20. Kh1 c5 21.
Bd2 Qb4 22. Nd1 Qa4 23. Bc3 Bh6 24. Ne3 Kg7 25. Qa1 Nh7 26. Qxa4 Bxa4 27. f4 f6 28. Ne6+ Kf7 29. fxe5 Bxe3 30. exd6 exd6 31. Ra1 Bxc2 32. Ra7+ Kg8 33. Bf3 Bh6 34. Rd7 Rb6 35. Rd8+ Bf8 36. Bxf6 Nxf6 37. Rxf8+ Kh7 38. Rxf6 Rxb2 39. Ng5+ Kg7 40.
Rxd6 c4 41. e5 c3 42. Rd7+ Kf8 43. Rc7 Rb3 44. d6 Bf5 45. e6 c2 46. e7+ Ke8 47. Bc6+ 1-0

[Event "*** Monthly 3|2 Blitz Masters"]
[Site "Chess.com"]
[Date "2014.10.28"]
[Round "6"]
[White "GMG"]
[Black "GMHess"]
[Result "1-0"]
[WhiteElo "2403"]
[BlackElo "2438"]
[TimeControl "180+2"]
[EndTime "13:04:35 PDT"]
[Termination "GMG won by resignation"]

1. c4 g6 2. Nc3 Bg7 3. e4 c5 4. g3 Nc6 5. Bg2 a6 6. Nge2 Rb8 7. a4 d6 8. d3 Nf6 9. h3 O-O 10. Be3 e5 11. g4 Nd4 12. a5 h5 13.
g5 Nh7 14. h4 f5 15. Bxd4 cxd4 16. Nd5 Be6 17. Ng3 f4 18. Nf1 Bxd5 19. exd5 Rf7 20.
Be4 Nf8 21. Nd2 b6 22. axb6 Qxb6 23. Ra2 Ra7 24. Qa1 a5 25. Ke2 Qc7 26. Rb1 Rb4 27.
Ra4 Kf7 28. Qa3 Nd7 29. Nb3 Nc5 30. Rxa5 Rxa5 31. Qxa5 Qxa5 32. Nxa5 Na4 33. Nc6 Rb6 34.
Kd2 Nc3 35. bxc3 Rxb1 36. cxd4 exd4 37. Nd8+ Ke7 38. Ne6 Be5 39. Bxg6 Rb2+ 40. Ke1 Rb1+ 41. Ke2 Rh1 42. Bxh5 Rxh4 43. Bf3 Rh2 44. Be4 Kf7 45. Kf3 Rh3+ 46. Kg4 Rh2 47. f3 Rg2+ 48. Kf5 Ke7 49. Nxf4 Bxf4 50. Kxf4 Rg1 51. Kf5 Kf7 52. f4 Rg3 53. c5 dxc5 54. d6 c4 55. Bd5+ Ke8 56. Bxc4 Kd7 57. Ke5 Rg1 58. Bb5+ Kd8 59. Kf6 Rb1 60. g6 Rxb5 61. g7 Kd7 62. g8=Q Kxd6 63. Qd8+ Kc5 64. Ke5 1-0

[Event "*** Monthly 3|2 Blitz Masters"]
[Site "Chess.com"]
[Date "2014.10.28"]
[Round "6"]
[White "JamesColeman"]
[Black "marabu44"]
[Result "1/2-1/2"]
[WhiteElo "2303"]
[BlackElo "2217"]
[TimeControl "180+2"]
[EndTime "13:04:50 PDT"]
[Termination "Game drawn by stalemate"]

1. d4 e6 2. Nf3 f5 3. d5 Nf6 4.
dxe6 d5 5. Ng5 Qe7 6. c4 Bxe6 7.
Nxe6 Qxe6 8. cxd5 Qxd5 9. Qxd5 Nxd5 10. Bd2 Nc6 11. Nc3 Nxc3 12. Bxc3 Bb4 13. Bxb4 Nxb4 14.
Rc1 O-O-O 15. a3 Nd5 16. e3 Rhf8 17. Bc4 f4 18. O-O fxe3 19. Bxd5 exf2+ 20. Rxf2 Rxf2 21. Be6+ Kb8 22. Kxf2 Rd2+ 23. Kg3 Rxb2 24. Rf1 a5 25. Rf8+ Ka7 26. Rf7 Rb6 27. Bg4 Rb3+ 28. Rf3 Rxf3+ 29. Bxf3 b5 30. Kf4 Kb6 31. Ke5 Kc5 32. Ke4 b4 33. axb4+ Kxb4 34. Kd3 Kb3 35. Bd5+ Kb4 36. Bg8 h6 37. h4 a4 38. g4 Kc5 39. g5 hxg5 40.
hxg5 Kb4 41. g6 Kc5 42. Ke4 Kd6 43. Kd4 c5+ 44. Kc4 Kc6 45. Bd5+ Kd6 46. Be4 Ke5 47. Bb1 Kd6 48. Kb5 a3 49. Ka4 Kd5 50. Kxa3 Kd4 51. Kb2 Kc4 52. Kc2 Kd4 53. Kd2 Ke5 54. Kc3 Kf6 55. Kc4 Ke7 56. Kxc5 Ke6 57. Kd4 Kf6 58.
Kd5 Ke7 59. Kc6 Ke6 60. Kc7 Ke7 61. Kc8 Ke8 62. Ba2 Ke7 63. Bf7 Kf8 64. Bb3 Ke7 65.
Bc2 Ke8 66. Kc7 Ke7 67. Kc6 Kf8 68. Bb3 Ke7 69. Kd5 Kf6 70. Bc2 Ke7 71. Ke5 Kf8 72. Bb3 Ke7 73. Kd4 Kf6 74. Bc2 Ke6 75. Kc5 Ke5 76.
Kc6 Ke6 77. Kc7 Ke7 78. Bb3 Ke8 79. Kd6 Kf8 80. Ke6 Kg8 81. Kf5+ Kh8 82. Bf7 1/2-1/2

[Event "*** Monthly 3|2 Blitz Masters"]
[Site "Chess.com"]
[Date "2014.10.28"]
[Round "6"]
[White "alexsuper1987"]
[Black "mat_kolosowski"]
[Result "0-1"]
[WhiteElo "2057"]
[BlackElo "2343"]
[TimeControl "180+2"]
[EndTime "13:05:08 PDT"]
[Termination "mat_kolosowski won by resignation"]

1. e4 c5 2. c3 Nf6 3. e5 Nd5 4. d4 cxd4 5. Nf3 e6 6. cxd4 b6 7.
Nc3 Nxc3 8. bxc3 Qc7 9. Bd2 Bb7 10. Bd3 d6 11. O-O Nd7 12. Ng5 dxe5 13. Qh5 g6 14. Qh3 Be7 15. Rae1 Nf6 16. f4 exd4 17. f5 gxf5 18.
Bxf5 O-O-O 19. Nxf7 exf5 20. Nxh8 Rxh8 21. Qxf5+ Kd8 22. Rxe7 Qxe7 23. Qxf6 Qxf6 24. Rxf6 dxc3 25. Bxc3 Re8 26. Rf7 Bd5 27. Bf6+ Kc8 28. Rxa7 Re2 29. g3 Rg2+ 30. Kf1 Rxh2 31. Bd4 b5 32. Bf2 Rh1+ 33. Ke2 Ra1 34. Bd4 Bc4+ 35. Ke3 Rg1 36. Kf4 Rf1+ 37. Kg5 Bd3 38. Kh6 Rf3 39. Be5 Rf5 40. Bf4 Rc5 41. Rg7 Rc6+ 42. Kg5 Ra6 43. Rg8+ Kd7 44. Rg7+ Ke6 45. Rb7 Rxa2 46. Rb6+ Kd5 47. Rd6+ Kc4 48. Rc6+ Kb3 49. Be5 Re2 50. Rc3+ Kb4 51. Rxd3 Rxe5+ 52. Kh6 Re7 53. g4 Kc4 54. Rd1 b4 55. g5 b3 56. Kh5 b2 57. Kg4 Kc3 58. Kf5 Kc2 59.
Rg1 b1=Q 60. Rxb1 Kxb1 61. Kf6 Ra7 0-1

[Event "*** Monthly 3|2 Blitz Masters"]
[Site "Chess.com"]
[Date "2014.10.28"]
[Round "6"]
[White "vovkcoach"]
[Black "jcibarra"]
[Result "0-1"]
[WhiteElo "2509"]
[BlackElo "2479"]
[TimeControl "180+2"]
[EndTime "13:05:28 PDT"]
[Termination "jcibarra won by resignation"]

1. e4 c5 2. Nf3 e6 3. d4 cxd4 4.
Nxd4 Bc5 5. Nb3 Bb6 6. c4 Ne7 7. Be2 O-O 8. Nc3 f5 9. O-O f4 10. c5 Bc7 11. Nb5 Be5 12. Qc2 Nbc6 13. Bd2 Ng6 14.
f3 b6 15. Rfd1 bxc5 16. Qxc5 Rb8 17. Bc3 Ba6 18. a4 Bxc3 19. bxc3 Nge5 20. N3d4 Qg5 21. Kh1 Nxf3 22. Qxg5 Nxg5 23. Bf3 Ne5 24. Nxa7 Rb2 25.
Nab5 Bb7 26. Nd6 Ba6 27. Rdb1 Rfb8 28. N4b5 Rf2 29. Nc7 Rf8 30. Nxa6 Nexf3 31. Nc5 Nd2 32. h4 Ngf3 33. Nd3 Re2 34. Rb2 Nxh4 35. Re1 Rxg2 36. Rd1 Nxe4 37. Nxe4 d5 38. Rxg2 Nxg2 39. Kxg2 dxe4 40.
Nc5 e3 41. Kf3 e5 42. Ne4 h6 43. a5 g5 44. Ra1 g4+ 45. Kxg4 f3 46. a6 f2 47. a7 Ra8 48. Ng3 Rxa7 49. Rxa7 e2 50.
Nxe2 f1=Q 51. Ng3 Qf4+ 52. Kh3 e4 53. Re7 e3 54. Re8+ Kf7 55. Ra8 e2 56. Ra7+ Ke6 57. Ra6+ Kd7 58. Ra7+ Kc6 59. Ra1 Qf2 60. Ra6+ Kb7 61.
Re6 e1=Q 0-1

[Event "*** Monthly 3|2 Blitz Masters"]
[Site "Chess.com"]
[Date "2014.10.28"]
[Round "6"]
[White "Th3ChessViking"]
[Black "Alexander_Donchenko"]
[Result "1/2-1/2"]
[WhiteElo "2386"]
[BlackElo "2327"]
[TimeControl "180+2"]
[EndTime "13:05:55 PDT"]
[Termination "Game drawn by repetition"]

1. d4 d5 2. Bf4 c5 3. e4 cxd4 4.
exd5 Qxd5 5. Nc3 Qe6+ 6. Nce2 Nc6 7. Nf3 Nf6 8. Nxd4 Nxd4 9. Qxd4 g6 10. Be5 Bg7 11.
O-O-O O-O 12. Nf4 Qxa2 13. Bc4 Qa1+ 14. Kd2 Qa5+ 15. Kc1 Ne4 16. Qxe4 Qxe5 17. Qxe5 Bxe5 18. Nd3 Bf6 19. Rhe1 b6 20. Bd5 Rb8 21. Nb4 Bb7 22.
Nc6 Bxc6 23. Bxc6 Rbc8 24. Bd5 e6 25. Bf3 Rc7 26. Kb1 Rfc8 27. Re2 Kf8 28. Rd3 h5 29. Ra3 Ke7 30. h3 Rd8 31. c3 a5 32.
Kc2 Ke8 33. Ra4 Be7 34. Rae4 b5 35. Re5 Rb8 36. Re1 Bd6 37. R5e4 b4 38. Ra1 bxc3 39. bxc3 Rc5 40. Rea4 Be5 41. R1a3 Rbc8 42. Rxa5 Rxa5 43. Rxa5 Bxc3 44. Ra8 Rxa8 45. Bxa8 Bd4 46. f3 Ke7 47. Kd3 Bb6 48. Ke2 Kf6 49. g3 Kg5 50. Kf1 Bc7 51. h4+ Kf6 52. Kg2 Ke5 53. Bc6 Kd6 54. Be8 Ke7 55. Bb5 f6 56. Bd3 Kf7 57. Bc4 Bd6 58. Bb5 Kg7 59. Bd7 Kf7 60. Bc8 g5 61. hxg5 fxg5 62.
Kh3 Kf6 63. Bb7 Bb4 64. Be4 Be1 65. Bc6 Kf5 66. Be8 g4+ 67. Kg2 Kg5 68. Bf7 e5 69. Be6 Bb4 70. Bd5 h4 71. gxh4+ Kxh4 72. fxg4 Kxg4 73.
Kf1 Kf4 74. Ke2 e4 75. Ba8 Bc5 76. Bb7 Bd4 77. Ba8 Bc5 78. Bb7 Bd4 79. Ba8 Bc5 80.
Bb7 Bd4 81. Ba8 Bc5 82. Bb7 1/2-1/2

[Event "*** Monthly 3|2 Blitz Masters"]
[Site "Chess.com"]
[Date "2014.10.28"]
[Round "6"]
[White "KaydenTroffChess"]
[Black "THORK"]
[Result "1/2-1/2"]
[WhiteElo "2360"]
[BlackElo "2180"]
[TimeControl "180+2"]
[EndTime "13:06:22 PDT"]
[Termination "Game drawn - insufficient material"]

1. d4 Nf6 2. c4 c5 3. d5 g6 4. Nc3 Bg7 5. e4 d6 6. f4 O-O 7. Nf3 e6 8. Be2 exd5 9. cxd5 Bg4 10. h3 Bxf3 11. Bxf3 a6 12. a4 Nbd7 13. O-O Rb8 14. g4 b5 15. axb5 axb5 16. g5 Ne8 17. h4 b4 18. Ne2 f5 19. exf5 gxf5 20. Ng3 Bd4+ 21. Kg2 Nc7 22. h5 Nb6 23. Qd3 Qd7 24. Ne2 Bg7 25. h6 Bh8 26. Rh1 Kf7 27. Ra7 Ra8 28. Rb7 Rfb8 29. Rxb8 Rxb8 30. Ng3 c4 31. Qxf5+ Qxf5 32. Nxf5 Rd8 33. Bh5+ Kf8 34. Bf3 Ncxd5 35.
Rd1 Ne7 36. Rxd6 Rxd6 37. Nxd6 b3 38. f5 Be5 39. Be3 Bxd6 40. Bxb6 Nxf5 41. Bd5 Bf4 42. Bc5+ Ke8 43. g6 hxg6 44. h7 Be5 45. Bxc4 Bxb2 46.
Bxb3 Bf6 47. Kf3 Nh6 48. Ke4 Nf7 49. Be3 Kf8 50. Kd5 Kg7 51. Ke6 Ng5+ 52. Kd7 Kxh7 53. Ke8 Kg7 54. Bc5 Ne4 55. Bf8+ Kh8 56. Kf7 Bc3 57.
Kxg6 Nd2 58. Bd5 Nf1 59. Bh6 Nd2 60. Bf4 Nf1 61. Kf5 Nd2 62. Kg6 Nf1 63. Bg5 Nd2 64. Bh6 Nf1 65. Bc1 Nd2 66. Kf5 Kg7 67. Kf4 Kf6 68.
Ke3 Nf1+ 69. Kd3 Be5 70. Ke2 Ng3+ 71. Kf3 Nf5 72. Kg4 Nd4 73. Bg5+ Kg6 74. Be4+ Kf7 75. Bh4 Ke6 76. Bb1 Kd5 77. Ba2+ Kd6 78. Bg5 Ne2 79.
Kf3 Nc3 80. Bb3 Bd4 81. Bh6 Kc5 82. Bf8+ Kb5 83. Bf7 Kc6 84. Be8+ Kd5 85. Bf7+ Kc6 86. Kf4 Kb5 87. Kf5 Kc6 88. Kg4 Kb5 89. Kf3 Kc6 90. Kg2 Kb5 91. Kf1 Kc6 92. Ke1 Kb5 93. Kd2 Bf6 94.
Kd3 Kc6 95. Kc4 Kd7 96. Kd3 Nb5 97. Ke4 Nd6+ 98. Kd5 Nxf7 99. Bc5 Nd8 100. Bd4 Bxd4 101. Kxd4 1/2-1/2

[Event "*** Monthly 3|2 Blitz Masters"]
[Site "Chess.com"]
[Date "2014.10.28"]
[Round "7"]
[White "mokerslag"]
[Black "alexsuper1987"]
[Result "1-0"]
[WhiteElo "2308"]
[BlackElo "2051"]
[TimeControl "180+2"]
[EndTime "13:09:32 PDT"]
[Termination "mokerslag won by resignation"]

1. e4 Nc6 2. Nf3 f5 3. e5 d6 4.
exd6 cxd6 5. Bc4 Nf6 6. d4 d5 7. Bb5 e6 8. O-O Bd6 9. Re1 O-O 10. Ne5 Ne4 11. Bxc6 bxc6 12. f3 Bxe5 13. dxe5 Qb6+ 14. Be3 Qxb2 15. Bd4 Qb7 16. fxe4 c5 17. Bxc5 1-0

[Event "*** Monthly 3|2 Blitz Masters"]
[Site "Chess.com"]
[Date "2014.10.28"]
[Round "7"]
[White "ruzomberok"]
[Black "oggy1984"]
[Result "0-1"]
[WhiteElo "2204"]
[BlackElo "2225"]
[TimeControl "180+2"]
[EndTime "13:10:42 PDT"]
[Termination "oggy1984 won by resignation"]

1. d4 Nf6 2. Bg5 Ne4 3. h4 d5 4. e3 c5 5. Bd3 Nf6 6. c3 Nc6 7. Nd2 Qb6 8. Qb3 c4 9. Qxb6 axb6 10. Bc2 b5 11. Bxf6 gxf6 12. e4 Be6 13. Ne2 dxe4 14.
Nxe4 O-O-O 15. Nf4 Bf5 16. O-O-O Bh6 17. g3 Bxe4 18.
Bxe4 e5 19. Bxc6 bxc6 20. dxe5 fxe5 21. Rxd8+ Rxd8 0-1

[Event "*** Monthly 3|2 Blitz Masters"]
[Site "Chess.com"]
[Date "2014.10.28"]
[Round "7"]
[White "XeresLt"]
[Black "AlmirDzhumaev"]
[Result "1-0"]
[WhiteElo "2277"]
[BlackElo "2191"]
[TimeControl "180+2"]
[EndTime "13:11:22 PDT"]
[Termination "XeresLt won by resignation"]

1. e4 e5 2. Nf3 Nc6 3. Bb5 a6 4. Ba4 Nf6 5. O-O b5 6. Bb3 Be7 7. c3 O-O 8. Re1 d6 9. h3 Bb7 10. d4 Qd7 11. Nbd2 exd4 12. cxd4 Rad8 13. Bc2 Nb4 14. Bb1 c5 15. d5 a5 16. Nf1 Rfe8 17.
Ng3 Bf8 18. Bg5 Be7 19. Nf5 h6 20. Bh4 Kh7 21. Qd2 g5 22. Bxg5 Nfxd5 23. Bxe7 Qe6 24. exd5 1-0

[Event "*** Monthly 3|2 Blitz Masters"]
[Site "Chess.com"]
[Date "2014.10.28"]
[Round "7"]
[White "Danesz22"]
[Black "Th3ChessViking"]
[Result "1-0"]
[WhiteElo "2469"]
[BlackElo "2379"]
[TimeControl "180+2"]
[EndTime "13:11:28 PDT"]
[Termination "Danesz22 won by resignation"]

1. e4 e6 2. d4 d5 3. Nc3 Bb4 4.
e5 Qd7 5. a3 Bxc3+ 6. bxc3 b6 7.
Qg4 f5 8. Qg3 Ba6 9. Bxa6 Nxa6 10. Ne2 Nb8 11. c4 dxc4 12. d5 Ne7 13. dxe6 Qxe6 14.
Qxg7 Rg8 15. Nf4 Qc6 16. Qxh7 Qe4+ 17. Be3 Nbc6 18. Rd1 Rd8 19. Qh5+ 1-0

[Event "*** Monthly 3|2 Blitz Masters"]
[Site "Chess.com"]
[Date "2014.10.28"]
[Round "7"]
[White "exoticprincess"]
[Black "Nouki"]
[Result "1-0"]
[WhiteElo "2733"]
[BlackElo "2591"]
[TimeControl "180+2"]
[EndTime "13:11:34 PDT"]
[Termination "exoticprincess won by resignation"]

1. b3 e5 2. Bb2 Nc6 3. e3 Nf6 4.
Bb5 Bd6 5. Na3 e4 6. Nc4 Be7 7. Bxc6 bxc6 8. Ne2 O-O 9. O-O d5 10. Na5 Bd7 11. a3 c5 12. d4 c4 13. bxc4 c6 14. Bc3 Qc7 15. h3 Rfb8 16. c5 Qc8 17. Ng3 Bxh3 18.
gxh3 Qxh3 19. Nxc6 Ng4 20. Nxe7+ Kf8 21. Qxg4 Qxg4 22.
Nxd5 h5 23. Kh2 Qh4+ 24. Kg2 Qg5 25. Rh1 Qxd5 26. Rxh5 Qc4 27. Nf5 1-0

[Event "*** Monthly 3|2 Blitz Masters"]
[Site "Chess.com"]
[Date "2014.10.28"]
[Round "7"]
[White "DanielRensch"]
[Black "MichiganEagle"]
[Result "1-0"]
[WhiteElo "2349"]
[BlackElo "2277"]
[TimeControl "180+2"]
[EndTime "13:11:46 PDT"]
[Termination "DanielRensch won by resignation"]

1. d4 Nf6 2. Nc3 d5 3. Bf4 c6 4.
Qd3 g6 5. f3 Bg7 6. g4 Qb6 7.
O-O-O Na6 8. Kb1 Be6 9. h4 h5 10. g5 Nd7 11. e4 O-O 12. exd5 cxd5 13. Bh3 Nb4 14. Qb5 Bxh3 15. Nxh3 a6 16. Qxd7 Rac8 17. Nxd5 Nxd5 18. Qxd5 Rfd8 19. Qb3 1-0

[Event "*** Monthly 3|2 Blitz Masters"]
[Site "Chess.com"]
[Date "2014.10.28"]
[Round "7"]
[White "jcibarra"]
[Black "GMG"]
[Result "1-0"]
[WhiteElo "2495"]
[BlackElo "2386"]
[TimeControl "180+2"]
[EndTime "13:12:54 PDT"]
[Termination "jcibarra won by resignation"]

1. e4 c5 2. Nf3 e6 3. d4 cxd4 4.
Nxd4 a6 5. c4 Nf6 6. Nc3 Qc7 7.
a3 b6 8. Be3 Bb7 9. f3 Nc6 10.
Be2 Nxd4 11. Qxd4 Bc5 12. Qd2 Bxe3 13. Qxe3 Qc5 14. Kf2 Ke7 15. Na4 Qxe3+ 16. Kxe3 b5 17. cxb5 axb5 18. Bxb5 d5 19. e5 d4+ 20. Kd2 Nd5 21.
Nc5 Rab8 22. b4 Nf4 23. Nxb7 Rxb7 24. Bc6 Rc7 25. b5 Nxg2 26. a4 Ne3 27. Rhc1 f6 28.
b6 Rxc6 29. Rxc6 fxe5 30. a5 Rf8 31. b7 Kd7 32. Rac1 e4 33. fxe4 Ng4 34. Rc8 Rf2+ 35. Ke1 d3 36. Rd8+ Ke7 37. Rxd3 Rb2 38. a6 Ne5 39.
Ra3 1-0

[Event "*** Monthly 3|2 Blitz Masters"]
[Site "Chess.com"]
[Date "2014.10.28"]
[Round "7"]
[White "David_Klein"]
[Black "gumersindo"]
[Result "1-0"]
[WhiteElo "2362"]
[BlackElo "2146"]
[TimeControl "180+2"]
[EndTime "13:13:25 PDT"]
[Termination "David_Klein won by resignation"]

1. e4 e6 2. Qe2 c5 3. Nf3 Nc6 4. g3 b6 5. Bg2 Bb7 6. O-O Nge7 7. c3 Ng6 8. d4 cxd4 9. cxd4 d6 10. h4 Be7 11. Nc3 O-O 12. h5 Nh8 13. h6 g6 14. d5 Nb8 15. dxe6 fxe6 16. Nd4 Qd7 17. Bh3 Rf6 18. Bg5 Ba6 19. Qd2 Bxf1 20. Rxf1 Nf7 21.
Bxf6 Bxf6 22. Bxe6 Qd8 23. Bd5 Nd7 24. Bxa8 Qxa8 25. Nd5 Bg5 26. f4 Bxh6 27. Rc1 Nc5 28. Qe2 Bg7 29. Nf3 Qe8 30. Re1 Qa4 31. b4 Ne6 32. Qc4 Qa3 33. Re3 Qb2 34. Ne7+ Kf8 35. Qxe6 Qxb4 36. Nd5 Qb1+ 37. Re1 Qxa2 38. Qc8+ 1-0

[Event "*** Monthly 3|2 Blitz Masters"]
[Site "Chess.com"]
[Date "2014.10.28"]
[Round "7"]
[White "ilmago"]
[Black "wannabe2700"]
[Result "0-1"]
[WhiteElo "1756"]
[BlackElo "2258"]
[TimeControl "180+2"]
[EndTime "13:13:37 PDT"]
[Termination "wannabe2700 won by resignation"]

1. e4 e6 2. d4 d5 3. Nc3 Bb4 4. e5 c5 5. a3 Bxc3+ 6. bxc3 Ne7 7. a4 O-O 8. Nf3 b6 9. Bd3 Ng6 10. h4 Ba6 11. Bxa6 Nxa6 12. h5 Ne7 13. Ng5 h6 14.
Qd3 hxg5 15. Qxa6 cxd4 16. cxd4 Qc7 17. Qd3 f6 18. h6 Nf5 19. hxg7 Qxg7 20. Ba3 fxe5 21.
Bxf8 Rxf8 22. O-O-O Nxd4 23. f3 Rc8 24. Rd2 Rc4 25.
Qa3 Qc7 26. Kb1 Nxc2 27. Qd3 Rb4+ 28. Ka2 Rxa4+ 29. Kb1 Na3+ 30. Ka2 Nc4+ 31. Kb3 Ra3+ 0-1

[Event "*** Monthly 3|2 Blitz Masters"]
[Site "Chess.com"]
[Date "2014.10.28"]
[Round "7"]
[White "marabu44"]
[Black "GedoGluperd"]
[Result "0-1"]
[WhiteElo "2210"]
[BlackElo "2278"]
[TimeControl "180+2"]
[EndTime "13:14:13 PDT"]
[Termination "GedoGluperd won on time"]

1. b3 e5 2. Bb2 d6 3. e3 Nd7 4. Nf3 Ngf6 5. d4 e4 6. Nfd2 d5 7. c4 c6 8. Ba3 Bxa3 9. Nxa3 Qa5 10.
Nc2 O-O 11. b4 Qd8 12. c5 Re8 13. Be2 Nf8 14. a4 h6 15. b5 N6h7 16. Nb3 Qg5 17.
Rg1 Qh4 18. h3 Bd7 19. Nb4 f5 20. Na5 f4 21. Ra3 Rab8 22. Bg4 cxb5 23. Bxd7 Nxd7 24. axb5 Ndf6 25. Qb3 Qg5 26. exf4 Qxf4 27. Nxd5 Nxd5 28. Qxd5+ Kh8 29. Re3 Nf6 30. Qc4 Qc7 31. Nb3 Rbd8 32. Kd1 Nd5 33. Re2 e3 34. Rge1 Qf4 35. f3 Qf5 36.
Kc1 Re7 37. Qc2 Qf7 38. Kb2 Rde8 39. Qc4 Qf5 40. Qc2 Qf6 0-1

[Event "*** Monthly 3|2 Blitz Masters"]
[Site "Chess.com"]
[Date "2014.10.28"]
[Round "7"]
[White "dsanchez1973"]
[Black "brauliocuarta"]
[Result "0-1"]
[WhiteElo "1829"]
[BlackElo "1970"]
[TimeControl "180+2"]
[EndTime "13:14:16 PDT"]
[Termination "brauliocuarta won by resignation"]

1. e4 c5 2. Nf3 e6 3. d4 cxd4 4.
Nxd4 a6 5. Bd3 Nf6 6. Nc3 Qc7 7.
O-O Nc6 8. Nxc6 dxc6 9. Re1 e5 10. h3 Be7 11. Be3 b5 12. a4 Bb7 13. a5 c5 14. Bg5 Rd8 15. Qf3 O-O 16. Qg3 Kh8 17. f3 c4 18. Bf1 h6 19. Be3 Bc5 20. Qf2 Bd4 21. Red1 b4 22. Bxd4 exd4 23. Ne2 d3 24. cxd3 Rxd3 25. Rxd3 cxd3 26. Nf4 Qxf4 27. Bxd3 Rd8 28.
Bc4 Rd2 29. Qb6 Qg3 30. Bf1 Nxe4 31. Qxb7 Qf2+ 32. Kh2 Ng3 33. Qc8+ Kh7 34. Qg4 Nxf1+ 35. Kh1 Ne3 36. Rg1 Nxg4 0-1

[Event "*** Monthly 3|2 Blitz Masters"]
[Site "Chess.com"]
[Date "2014.10.28"]
[Round "7"]
[White "GMHess"]
[Black "THORK"]
[Result "1-0"]
[WhiteElo "2441"]
[BlackElo "2177"]
[TimeControl "180+2"]
[EndTime "13:14:21 PDT"]
[Termination "GMHess won by resignation"]

1. Nf3 Nf6 2. g3 e6 3. Bg2 d5 4. O-O Be7 5. c4 O-O 6. cxd5 exd5 7. d4 c6 8. Nc3 h6 9. Bf4 Bf5 10. Rc1 Nbd7 11. h3 Qb6 12. g4 Bh7 13. Qb3 Qxb3 14. axb3 a6 15. Rfd1 Rfe8 16. Ne5 Bb4 17. Bg3 Re7 18.
Na2 Ba5 19. b4 Bb6 20. Nxd7 Rxd7 21. Nc3 Re8 22. Na4 Ba7 23. e3 Ne4 24. Bh2 f5 25. Nc5 Bxc5 26. bxc5 fxg4 27. hxg4 Nf6 28. Bh3 g5 29.
Be5 Kf7 30. Kg2 Rde7 31. Rf1 Nd7 32. f4 Be4+ 33. Kg3 Nxe5 34. fxe5+ Kg7 35. Rf6 Rf7 36. Rxf7+ Kxf7 37. Bg2 Bg6 38. Rc3 Re7 39. Kf2 Ke6 40. Kg3 Rf7 41. Rb3 Be4 42. Rb6 Rg7 43. Bf1 Rf7 44.
Be2 Rg7 45. Bxa6 bxa6 46. Rxc6+ Kf7 47. Rc7+ Kf8 48. Rxg7 Kxg7 49. c6 1-0

[Event "*** Monthly 3|2 Blitz Masters"]
[Site "Chess.com"]
[Date "2014.10.28"]
[Round "7"]
[White "vovkcoach"]
[Black "KaydenTroffChess"]
[Result "1-0"]
[WhiteElo "2514"]
[BlackElo "2350"]
[TimeControl "180+2"]
[EndTime "13:14:51 PDT"]
[Termination "vovkcoach won by resignation"]

1. e4 c5 2. Nf3 d6 3. d4 cxd4 4.
Nxd4 Nf6 5. Nc3 a6 6. Be2 e5 7. Nb3 Be7 8. O-O O-O 9. Qd3 Be6 10. Nd5 Bxd5 11. exd5 Nbd7 12. c4 b5 13. cxb5 Nb6 14. bxa6 e4 15. Qb5 Nbxd5 16. Bd2 Nc7 17. Qc6 Qb8 18.
Rfc1 Ncd5 19. Qb7 Qd8 20. Ba5 Qb8 21. Nd4 Nf4 22. Bf1 Qe8 23. Nc6 N6d5 24. a7 e3 25. fxe3 Bh4 26. exf4 Bf2+ 27. Kh1 Qe4 28. Rc4 Qf5 29.
Qb5 Kh8 30. Rd1 Ne3 31. Qxf5 Nxf5 32. Rd2 Rfc8 33. Rxf2 Ne3 34. Rc3 Nd1 35. Rfc2 Nxc3 36. Rxc3 d5 37. Bb6 Re8 38. Re3 Rec8 39. Bb5 d4 40.
Bxd4 Rc7 41. Kg1 Rb7 42. a4 1-0

[Event "*** Monthly 3|2 Blitz Masters"]
[Site "Chess.com"]
[Date "2014.10.28"]
[Round "7"]
[White "VovAn1991"]
[Black "Trendle"]
[Result "1-0"]
[WhiteElo "2341"]
[BlackElo "2206"]
[TimeControl "180+2"]
[EndTime "13:14:59 PDT"]
[Termination "VovAn1991 won by resignation"]

1. e4 e6 2. d4 d5 3. Nd2 Nc6 4. Ngf3 Nf6 5. e5 Nd7 6. Bb5 Be7 7. O-O O-O 8. Nb3 a5 9. a4 Na7 10. Bd3 b6 11. Bf4 c5 12. dxc5 bxc5 13. c4 Nc6 14. Qb1 h6 15. Qc1 dxc4 16. Bxc4 Nb6 17.
Rd1 Qc7 18. Bb5 Nb4 19. Bxh6 gxh6 20. Qxh6 Bb7 21. Ng5 Bxg5 22. Qxg5+ Kh8 23. Qf6+ Kg8 24. Qg5+ Kh8 25. Bd3 f5 26. exf6 Nxd3 27. Rxd3 Bxg2 28.
Kxg2 Rg8 29. Rh3+ Qh7 30. Rxh7+ Kxh7 31. Qg3 Nd5 32. Nxc5 Rab8 33. f7 Rxg3+ 34. hxg3 Rf8 35. Nxe6 1-0

[Event "*** Monthly 3|2 Blitz Masters"]
[Site "Chess.com"]
[Date "2014.10.28"]
[Round "7"]
[White "GeorgMeier"]
[Black "liczner"]
[Result "1-0"]
[WhiteElo "2542"]
[BlackElo "2413"]
[TimeControl "180+2"]
[EndTime "13:15:28 PDT"]
[Termination "GeorgMeier won on time"]

1. Nf3 Nf6 2. c4 g6 3. b3 Bg7 4. Bb2 c5 5. g3 O-O 6. Bg2 Nc6 7. O-O d6 8. d4 cxd4 9. Nxd4 Bd7 10. Nc2 a6 11. Nc3 Rb8 12. Ne3 b5 13. Qd2 Qa5 14. Rfd1 Rfc8 15. Rac1 Ne8 16. c5 Nd4 17.
Ned5 Qd8 18. Ne4 Nf5 19. Bxg7 Kxg7 20. Qb2+ Kg8 21. cxd6 Nfxd6 22. Nc5 a5 23. Qe5 e6 24. Nxd7 Rxc1 25. N5f6+ Nxf6 26. Nxf6+ Qxf6 27. Qxf6 Rxd1+ 28. Bf1 Rc8 29. Kg2 Rcc1 30. Kf3 Rxf1 31. Qd8+ Kg7 32. Qxd6 Rc2 33. Qe5+ Kg8 34. a3 b4 35. axb4 axb4 36. Qb8+ Kg7 37. Qxb4 Rd1 38. Qb5 1-0

[Event "*** Monthly 3|2 Blitz Masters"]
[Site "Chess.com"]
[Date "2014.10.28"]
[Round "7"]
[White "JamesColeman"]
[Black "chesstatour"]
[Result "1-0"]
[WhiteElo "2304"]
[BlackElo "1792"]
[TimeControl "180+2"]
[EndTime "13:15:54 PDT"]
[Termination "JamesColeman won on time"]

1. d4 Nf6 2. Nf3 g6 3. Nc3 Bg7 4. e4 d6 5. Be3 O-O 6. Qd2 Ng4 7. Bg5 h6 8. h3 Nxf2 9. Qxf2 hxg5 10. Nxg5 f6 11.
Bc4+ e6 12. Bxe6+ Bxe6 13. Nxe6 Qe7 14. Nxf8 Qxf8 15. O-O Nc6 16. Rad1 Re8 17. Rfe1 Qf7 18. Nd5 Nd8 19. b3 Ne6 20. Nf4 Ng5 21. Qe3 Bh6 22.
Qd3 Kg7 23. c3 c6 24. h4 Nh7 25. Rf1 Qd7 26. Qh3 Qxh3 27. Nxh3 Rxe4 28. Rde1 Be3+ 29. Kh2 f5 30. g3 Nf6 31. Ng5 Bxg5 32. hxg5 Ng4+ 33. Kg1 Ne3 34. Rf3 Nd5 35. Ref1 Rg4 36. Kh2 Rxg5 37. Re1 Kf6 38. c4 Ne7 39. Rfe3 Ng8 40.
Re6+ Kg7 41. Re8 Rh5+ 42. Kg2 Nf6 43. R1e7+ Kh6 44. Rh8+ Kg5 45. Rxh5+ gxh5 46. Rxb7 h4 47. gxh4+ 1-0

[Event "*** Monthly 3|2 Blitz Masters"]
[Site "Chess.com"]
[Date "2014.10.28"]
[Round "7"]
[White "lorcho"]
[Black "GMNeiksans"]
[Result "0-1"]
[WhiteElo "2430"]
[BlackElo "2511"]
[TimeControl "180+2"]
[EndTime "13:16:39 PDT"]
[Termination "GMNeiksans won by resignation"]

1. b3 d5 2. Bb2 Bg4 3. h3 Bh5 4. g4 Bg6 5. Bg2 c6 6. d3 Nd7 7. f4 e6 8. Nf3 f6 9. e3 Bb4+ 10.
Nbd2 Ne7 11. Qe2 O-O 12. a3 Bd6 13. h4 h5 14. Nd4 Bf7 15. f5 exf5 16. gxf5 Bg3+ 17.
Kd1 Be5 18. N2f3 c5 19. Nxe5 Nxe5 20. Ne6 Bxe6 21. fxe6 Ng4 22. Bf3 f5 23. Kd2 Qd6 24. Rae1 Qxe6 25. Kc1 Kh8 26. Kb1 Ng8 27. e4 fxe4 28.
dxe4 d4 29. Bxg4 Qxg4 30. Qc4 b6 31. c3 Nf6 32. cxd4 Nxe4 33. Ka1 Nd2 34. Qd3 Nf3 35. Re4 Qg2 36. Rd1 Nxd4 37. Bxd4 cxd4 38. Rxd4 Rf2 39. Qb1 Raf8 40. Rd5 Qf3 41. R5d2 Rxd2 42. Rxd2 Qc3+ 43. Qb2 Qxb2+ 44. Kxb2 Rf4 45. Rd7 Rxh4 46. Rxa7 Rg4 47. Rb7 Rg6 48. a4 h4 49. Rd7 h3 50. Rd1 Rh6 51. b4 g5 52. a5 bxa5 53. bxa5 g4 54. Kc3 h2 55. Kb4 h1=Q 56. Rxh1 Rxh1 57.
a6 0-1